 Dungeon Crawl Stone Soup version 0.28.0-1-gb440e238dd (webtiles) character file.

Game seed: 14120891050751638142

339 Gorgormcgor the Sneak (level 6, -2/30 HPs)
             Began as a Spriggan Enchanter on Feb 28, 2022.
             Was a Believer of Vehumet.
             Slain by a white imp (4 damage)
             ... on level 6 of the Dungeon.
             The game lasted 00:25:37 (4136 turns).

Gorgormcgor the Sneak (Spriggan Enchanter)          Turns: 4136, Time: 00:25:38

Health: -2/30      AC:  3    Str:  4    XL:     6   Next: 29%
Magic:  10/12      EV: 18    Int: 19    God:    Vehumet [**....]
Gold:   125        SH:  0    Dex: 15    Spells: 8/12 levels left

rFire   . . .      SeeInvis +   g - +3 dagger (speed)
rCold   . . .      Faith    .   (no shield)
rNeg    . . .      Spirit   .   b - +1 robe
rPois   .          Reflect  .   (helmet restricted)
rElec   .          Harm     .   (no cloak)
rCorr   .          Rampage  .   (gloves unavailable)
Will    +....                   (boots unavailable)
Stlth   +++.......              (no amulet)
HPRegen 0.10/turn               (no ring)
MPRegen 0.13/turn               (no ring)

@: very quick
A: very small, no large weapons, unfitting armour, see invisible, speed 3
a: Renounce Religion


You were on level 6 of the Dungeon.
You worshipped Vehumet.
Vehumet was pleased with you.
You visited 1 branch of the dungeon, and saw 6 of its levels.

You collected 125 gold pieces.

Inventory:

Hand Weapons
 a - a +1 dagger
 e - a +1 dagger of venom
 g - a +3 dagger of speed (weapon)
Missiles
 d - 31 stones (quivered)
Armour
 b - a +1 robe (worn)
Wands
 h - a wand of iceblast (9)
Scrolls
 i - 3 scrolls of immolation
Potions
 c - 2 potions of invisibility
 j - a potion of curing {unknown}
 k - 2 potions of berserk rage {unknown}
 m - 3 potions of heal wounds
 p - a potion of mutation {unknown}


   Skills:
 + Level 1.4 Fighting
 + Level 2.4 Short Blades
 + Level 1.5 Throwing
 + Level 3.7 Dodging
 + Level 5.5 Stealth
 + Level 3.5 Spellcasting
 + Level 1.1 Conjurations
 + Level 4.4 Hexes
 + Level 1.3 Summonings
 + Level 1.1 Ice Magic


You had 8 spell levels left.
You knew the following spells:

 Your Spells              Type           Power      Damage    Failure   Level
a - Summon Small Mammal   Summ           32%        N/A       9%          1
b - Ensorcelled Hibernat  Hex/Ice        26%        N/A       7%          2
c - Magic Dart            Conj           28%        1d4       9%          1

Your spell library contained the following spells:

 Spells                   Type           Power      Damage    Failure   Level
 Inner Flame              Hex/Fire       11%        N/A       17%         3
 Confusing Touch          Hex            20%        N/A       7%          3
 Tukima's Dance           Hex            20%        N/A       7%          3
 Summon Guardian Golem    Hex/Summ       14%        N/A       13%         3
 Dazzling Flash           Conj/Hex       26%        N/A       14%         3
 Call Canine Familiar     Summ           8%         N/A       24%         3


Dungeon Overview and Level Annotations

Branches:
Dungeon (6/15)
 Temple: D:4-7

Altars:
Gozag
Vehumet

Annotations:
D:3 2 transporters


Innate Abilities, Weirdness & Mutations

You are very small and have problems with some larger weapons.
You are too small for most types of armour.
You have supernaturally acute eyesight. (SInv)
You cover ground extremely quickly. (Speed+++)


Message History

Confirm with . or Enter, or press ? or * to list all spells.
The white imp gestures at you. The puff of frost misses your rat.
The puff of frost hits you! The hound bites your rat.
Your rat dies!
Your rat's corpse disappears in a puff of smoke!
Casting: Summon Small Mammal (safe; 9% risk of failure)
Confirm with . or Enter, or press ? or * to list all spells.
The white imp hits your bat but does no damage.
The hound bites you but does no damage.
Casting: Summon Small Mammal (safe; 9% risk of failure)
Confirm with . or Enter, or press ? or * to list all spells.
Your bat disappears in a puff of smoke!
The hound closely misses you.
Your rat bites the hound.
You hit the hound.
The hound is lightly wounded.
The hound closely misses you.
You hit the hound.
The hound is moderately wounded.
The hound bites you.
You barely miss the hound.
The hound is moderately wounded.
The white imp gestures at you. The puff of frost hits you!
* * * LOW HITPOINT WARNING * * *
The hound misses you.
Your rat bites the hound.
Your rat closely misses the white imp.
Casting: Summon Small Mammal (safe; 9% risk of failure)
Confirm with . or Enter, or press ? or * to list all spells.
Aiming: Magic Dart (safe; 9% risk of failure)
Press: ? - help, Shift-Dir - straight line, f - hound
Aim: a hound (heavily wounded, ally target, 100% to hit)
The magic dart hits the hound but does no damage.
The hound is heavily wounded.
The hound bites you.
* * * LOW HITPOINT WARNING * * *
The white imp hits you.
* * * LOW HITPOINT WARNING * * *
The white imp freezes you.
You die...

.......# .......#
.......####
..........# ######
#........# #.#.h..#
#........# #.#.##.#
##h.......# #.#.##.#
..........# #.#.##h#
..........# #.#@##.#
....####### #.#5##.#
....# #.#r##.# ...##
####.r....#
...########.........#
...........5######.##
............# #.#
............# #.#
...#....r...# #.#


You could see a hound (ally target), a white imp and 2 friendly rats.

Vanquished Creatures
  A water moccasin (D:5)
  An ogre (D:3)
  Jessica (D:2)
  A hound skeleton (D:5)
  3 adders
  A worm (D:2)
  2 dart slugs (D:2)
  4 orcs
  4 endoplasms
  6 giant cockroaches
  6 goblins
  8 hobgoblins
  2 jackals (D:2)
  4 kobolds
  4 quokkas
  6 ball pythons
  5 bats (D:2)
  3 frilled lizards
  5 rats
67 creatures vanquished.

Vanquished Creatures (collateral kills)
  An endoplasm (D:2)
1 creature vanquished.

Grand Total: 68 creatures vanquished

Notes
Turn   | Place    | Note
-------+----------+-------------------------------------------
     0 | D:1      | Gorgormcgor the Spriggan Enchanter began the quest for the
                  | Orb.
     0 | D:1      | Reached XP level 1. HP: 9/9 MP: 5/5
    45 | D:1      | Learned a level 1 spell: Summon Small Mammal
   114 | D:1      | Found a faded altar of an unknown god.
   122 | D:1      | Reached XP level 2. HP: 13/13 MP: 6/6
   125 | D:1      | Learned a level 2 spell: Ensorcelled Hibernation
   291 | D:1      | Prayed at the altar of an unknown god.
   291 | D:1      | Became a worshipper of Vehumet
   291 | D:1      | Reached * piety under Vehumet
   291 | D:1      | Offered knowledge of Magic Dart by Vehumet.
   294 | D:1      | Learned a level 1 spell: Magic Dart
   910 | D:2      | Noticed Jessica
   950 | D:2      | Killed Jessica
   951 | D:2      | Reached XP level 3. HP: 14/17 MP: 6/8
  1024 | D:2      | Found an opulent altar of Gozag.
  1173 | D:2      | Reached XP level 4. HP: 21/21 MP: 9/9
  1319 | D:2      | Offered knowledge of Scorch by Vehumet.
  1505 | D:2      | Reached ** piety under Vehumet
  1592 | D:3      | Reached skill level 5 in Stealth
  1598 | D:3      | Noticed an ogre
  1629 | D:3      | Killed an ogre
  1630 | D:3      | Reached skill level 1 in Fighting
  1630 | D:3      | Reached skill level 1 in Throwing
  1630 | D:3      | Reached skill level 1 in Summonings
  1630 | D:3      | Reached XP level 5. HP: 12/25 MP: 3/10
  2007 | D:3      | Found a transporter.
  2604 | D:3      | Noticed a kobold demonologist
  2621 | D:3      | Found a transporter.
  3493 | D:5      | Entered Level 5 of the Dungeon
  3635 | D:5      | Noticed a water moccasin
  3659 | D:5      | Killed a water moccasin
  3660 | D:5      | Reached skill level 1 in Conjurations
  3660 | D:5      | Reached skill level 1 in Ice Magic
  3660 | D:5      | Reached XP level 6. HP: 21/30 MP: 6/12
  3838 | D:5      | Offered knowledge of Inner Flame by Vehumet.
  3863 | D:5      | Noticed a sky beast
  4136 | D:6      | Slain by a white imp

Illustrated notes

Levels and vault maps discovered:
D:1:      dpeg_chamrin_arrival_tetris, layout_rooms,
          dreamdust_ecumenical_altar_angels_and_demons, grunt_decor_resistance
D:2:      layout_loops_ring, basic_altar, minmay_diced_spiral, uniq_jessica
D:3:      gammafunk_wand_slinger, layout_loops_cross, gup_sewer_entry_bowl,
          kennysheep_decorative_pillar, chequers_serial_rivers_room_b
D:4:      layout_basic
D:5:      lemuel_ratsnest, layout_loops_ring,
          minmay_temple_entry_statues_fountains, minmay_misc_feat_rows,
          uniq_duvessa
D:6:      layout_basic, minivault_23

Skill      XL: |  1  2  3  4  5 |
---------------+----------------+-----
Dodging        | 3 |  3.7
Spellcasting   | 3 |  3.5
Stealth        | 5 |  5.5
Fighting       | 1 |  1.4
Short Blades   | 2 |  2.4
Throwing       | 1 |  1.5
Hexes          | 4 |  4.4
Summonings     | 1 |  1.3
Conjurations   | 1 |  1.1
Ice Magic      | 1 |  1.1

Action                   |  1- 3 |  4- 6 || total
-------------------------+-------+-------++-------
Melee: Dagger            |    51 |   117 ||   168
       Punch             |       |     1 ||     1
 Cast: Magic Dart        |     3 |    33 ||    36
       Ensorcelled Hiber |     2 |     7 ||     9
       Summon Small Mamm |       |     7 ||     7
  Use: Scroll            |     2 |     9 ||    11
 Stab: Sleeping          |     8 |     9 ||    17
Armor: Robe              |     4 |     8 ||    12
Dodge: Dodged            |    41 |    76 ||   117
